 Dungeon Crawl Stone Soup version 0.30.1-11-g7821555f0a (webtiles) character file.

Game seed: 13819288958681547594

47 comborobin the Shooter (level 3, 0/21 HPs)
             Began as a Kobold Hunter on Nov 16, 2023.
             Slain by Sigmund
             ... wielding a +0 scythe
              (10 damage)
             ... on level 2 of the Dungeon.
             The game lasted 00:00:49 (858 turns).

comborobin the Shooter (Kobold Hunter)               Turns: 858, Time: 00:00:50

Health: 0/21       AC:  3    Str: 14    XL:     3   Next: 97%
Magic:  3/3        EV: 15    Int: 10    God:
Gold:   82         SH:  0    Dex: 20    Spells: 2/2 levels left

rFire   . . .        a - +1 shortbow
rCold   . . .        (shield currently unavailable)
rNeg    . . .        c - +0 leather armour
rPois   .            (no helmet)
rElec   .            (no cloak)
rCorr   .            (no gloves)
SInv    .            (no boots)
Will    .....        e - amulet of magic regeneration
Stlth   +++          k - +6 ring of strength
HPRegen 0.23/turn    (no ring)
MPRegen 0.48/turn

%: no passive effects
@: no status effects
A: small, no large weapons, nightstalker 3
a: no special abilities


You were on level 2 of the Dungeon.
You visited 1 branch of the dungeon, and saw 2 of its levels.

You collected 82 gold pieces.

Inventory:

Hand Weapons
 a - a +1 shortbow (weapon)
Armour
 c - a +0 leather armour (worn)
Jewellery
 e - an amulet of magic regeneration (around neck)
 k - a +6 ring of strength (left hand)
Scrolls
 b - a scroll of immolation
 i - 2 scrolls of identify {unknown}
Potions
 d - a potion of flight {unknown}
 f - a potion of brilliance {unknown}
 g - a potion of cancellation {unknown}
 h - a potion of degeneration {unknown}
 j - a potion of resistance {unknown}


   Skills:
 - Level 2.1 Fighting
 + Level 7.0 Ranged Weapons
 - Level 2.4 Dodging
 - Level 1.3 Stealth


You had 2 spell levels left.
You didn't know any spells.
Your spell library contained the following spells:

 Spells                   Type           Power      Damage    Failure   Level
 Ozocubu's Armour         Ice            0%         N/A       82%         3
 Ozocubu's Refrigeration  Ice            0%         4d7       100%        7


Dungeon Overview and Level Annotations

Branches:
Dungeon (2/15)

Altars:

Shops:
D:2 [

Annotations:
D:2 Sigmund


Innate Abilities, Weirdness & Mutations

You are small and have problems with some larger weapons.
You are completely attuned to the shadows.


Message History

Found a stone staircase leading down.
No target in view!
Found an escape hatch in the floor.
No target in view!
There is a stone staircase leading down here.
Found a stone staircase leading down.
No target in view!
i - a scroll labelled MARPHENAGRE No target in view!
j - a sapphire potion No target in view!
k - a +6 ring of strength No target in view!
There is a stone staircase leading down here.
Key pressed, stopping explore.
No target in view!
No target in view!
You now have 82 gold pieces (gained 13).
Found a flail.
You feel stronger.
k - a +6 ring of strength (left hand) Key pressed, stopping explore.
No target in view!
No target in view!
You see here a +0 flail.
i - 2 scrolls labelled MARPHENAGRE (gained 1) Sigmund the Dreaded comes into view.
He is wielding a +0 scythe and carrying a wand of roots (5).
You shoot an arrow. The arrow hits Sigmund!
Sigmund is moderately wounded.
Sigmund hits you from afar with a +0 scythe.
Sigmund is nearby!
You shoot an arrow. The arrow hits Sigmund.
Sigmund is heavily wounded.
Sigmund is nearby!
You shoot an arrow. The arrow hits Sigmund!
Sigmund is severely wounded.
Sigmund casts a spell at you. The magic dart hits you!
Sigmund hits you from afar with a +0 scythe!
You die...

#.###<# .##.
#.....# #.
###.### ## #.#
############
#.#
#........... .
#.#
#.##########
..####.# #.#
..@..# #.# #@#
#.# #.# #.#
#.# #.# #.#.#
#.#.# #.#.#
#.#.#
#.#.###.#.#
.###....##.#.#
......#......#
#####..)######


You could see Sigmund.

Vanquished Creatures
  A gnoll (D:1)
  A dart slug (D:1)
  4 bats (D:1)
  2 endoplasms (D:1)
  6 goblins
  3 hobgoblins
  4 jackals (D:1)
  5 kobolds
  A quokka (D:1)
  2 ball pythons (D:1)
  2 frilled lizards (D:1)
31 creatures vanquished.

Notes
Turn   | Place    | Note
-------+----------+-------------------------------------------
     0 | D:1      | comborobin the Kobold Hunter began the quest for the Orb.
     0 | D:1      | Reached XP level 1. HP: 12/12 MP: 1/1
    42 | D:1      | Reached XP level 2. HP: 17/17 MP: 2/2
    60 | D:1      | Reached skill level 6 in Ranged Weapons
   191 | D:1      | Reached XP level 3. HP: 21/21 MP: 3/3
   629 | D:1      | Reached skill level 7 in Ranged Weapons
   728 | D:2      | Found Veexiff's Armour Shoppe.
   855 | D:2      | Noticed Sigmund
   858 | D:2      | Slain by Sigmund

Illustrated notes

Levels and vault maps discovered:
D:1:      matt_arrival_grand_opening, layout_rooms
D:2:      layout_loops_ring, hellmonk_ecumenical_altar_heavens_door,
          serial_shops, nicolae_shop_hallway_plus, minmay_snake_closets,
          uniq_sigmund

Skill      XL: |  1  2  3 |
---------------+----------+-----
Ranged Weapons | 6 7 |  7.0
Fighting       | |  2.1
Dodging        | |  2.4
Stealth        | |  1.3

Action                     || total
---------------------------++-------
   Fire: Shortbow          ||    72
    Use: Scroll            ||     2
 Armour: Leather armour    ||     4
  Dodge: Dodged            ||    15
